 Dungeon Crawl Stone Soup version 0.24.0-13-gcf9b3192b9 (webtiles) character file.

Game seed: 10657413750394772026, levelgen mode: deterministic

994 EriolAelfwine the Charmwright (level 8, -6/56 HPs)
             Began as a Merfolk Skald on Nov 10, 2019.
             Shot with an arrow by a centaur (11 damage)
             ... on level 5 of the Dungeon.
             The game lasted 00:27:06 (8459 turns).

EriolAelfwine the Charmwright (Merfolk Skald)       Turns: 8459, Time: 00:27:07

Health: -6/56      AC:  6    Str: 12    XL:     8   Next: 19%
Magic:  10/14      EV: 11    Int: 14    God:
Gold:   150        SH:  0    Dex: 13    Spells: 9/15 levels left

rFire    + . .     SeeInvis .   r - +0 glaive
rCold    . . .     Gourm    .   (shield currently unavailable)
rNeg     . . .     Faith    .   j - +1 ring mail {rF+}
rPois    .         Spirit   .   (no helmet)
rElec    .         Reflect  .   (no cloak)
rCorr    +         Harm     .   (no gloves)
MR       +....                  (no boots)
Stlth    +.........             (no amulet)
HPRegen  0.18/turn              m - ring of protection from magic
MPRegen  0.14/turn              v - ring of resist corrosion

@: shrouded, studying Earth Magic
A: change form in water, swift swim, stealthy swim
a: no special abilities


You were on level 5 of the Dungeon.
You were not hungry.

You visited 1 branch of the dungeon, and saw 5 of its levels.

You collected 150 gold pieces.

Inventory:

Hand Weapons
 n - a +4 dagger
 r - a +0 glaive (weapon)
 x - a +2 vampiric spear
Armour
 h - a +1 scale mail of positive energy
 j - a +1 ring mail of fire resistance (worn)
Jewellery
 m - a ring of protection from magic (left hand)
 v - a ring of resist corrosion (right hand)
Wands
 l - a wand of acid (13)
Scrolls
 a - a scroll of teleportation
 c - a scroll of amnesia
 f - a scroll of blinking
 u - 3 scrolls of remove curse
Potions
 b - a potion of mutation
 e - 2 potions of resistance
 g - 2 potions of agility
 i - a potion of brilliance {unknown}
 k - a potion of cancellation {unknown}
 p - 2 potions of curing
 q - a potion of flight {unknown}
 s - a potion of degeneration {unknown}
 t - a potion of haste {unknown}
Books
 o - a manual of Earth Magic
Comestibles
 d - 13 rations


   Skills:
 - Level 2.1 Fighting
 - Level 3.0 Polearms
 + Level 1.6 Armour
 - Level 2.6 Dodging
 - Level 1.8 Stealth
 + Level 4.0 Spellcasting
 + Level 3.4 Hexes
 * Level 7.1 Charms
 + Level 2.7 Translocations


You had 9 spell levels left.
You knew the following spells:

 Your Spells              Type           Power        Failure   Level  Hunger
a - Infusion              Chrm           ###.         2%          1    None
b - Shroud of Golubria    Chrm/Tloc      ###...       9%          2    ##.....
c - Spectral Weapon       Hex/Chrm       ###.....     14%         3    ###....

Your spell library contained the following spells:

 Spells                   Type           Power        Failure   Level  Hunger
 Song of Slaying          Chrm           ###.....     3%          2    ##.....
 Regeneration             Chrm/Necr      ##........   28%         3    ###....
 Beastly Appendage        Tmut           #.....       38%         1    None
 Sticks to Snakes         Tmut           #.......     54%         2    ##.....
 Spider Form              Tmut/Pois      #.........   77%         3    ###....
 Ice Form                 Ice/Tmut       #.......     99%         4    ####...
 Blade Hands              Tmut           #.........   100%        5    ######.


Dungeon Overview and Level Annotations

Branches:
Dungeon (5/15)
 Temple: D:4-7

Altars:
Xom

Shops:
D:5 }}

Annotations:
D:4 1 runed translucent door, Crazy Yiuf


Message History

You draw out your weapon's spirit!
The centaur shoots an arrow.
The arrow hits you!
The centaur shoots an arrow.
The arrow hits you!
The centaur shoots an arrow.
The arrow hits you!
* * * LOW HITPOINT WARNING * * *
You see here 2 arrows.
The centaur shoots an arrow.
The arrow hits your spectral weapon!
Your spectral weapon shares its damage with you!
* * * LOW HITPOINT WARNING * * *
Okay, then.
You are too injured to fight recklessly!
The centaur shoots an arrow.
The arrow hits your spectral weapon.
Your spectral weapon shares its damage with you!
Your spectral weapon fades away.
* * * LOW HITPOINT WARNING * * *
The centaur shoots an arrow.
The arrow closely misses you.
You see here an arrow.
The centaur shoots an arrow.
The arrow misses you.
The centaur shoots an arrow.
The arrow hits you!
You die...

..........#... #....(#........>
>..... ......### #######(........
..... ##.##...# #....#####
#...##...##..# #(...#...#
#..#.c.#.#..# #(...#...#
#..(.#.#(c..# #.(..#...#
#..#.#((.#(.# #....#...#
#P..##...##.(#########(...#'###
#... ##.##....@..........##.#..
..... ....................#..#..
.g..........##.............#..#..
g.....########.....(.......#..#..
...... #.............#..#..
#########.....#..'..
#.............#..#..
#...................
#.....####..####....


You could see a centaur.

Vanquished Creatures
  An ice beast (D:3)
  An ogre (D:4)
  A centaur (D:5)
  Blork the orc (D:5)
  A crimson imp (D:5)
  4 hounds
  An orc priest (D:4)
  A bullfrog skeleton (D:4)
  4 orc wizards
  Natasha (twice) (D:4)
  A worker ant (D:4)
  7 gnolls
  5 adders
  3 oozes
  2 worms
  5 dart slugs
  6 leopard geckos
  15 orcs
  3 giant cockroaches
  11 goblins
  13 hobgoblins
  6 jackals
  10 kobolds
  A quokka (D:3)
  10 bats
  4 frilled lizards
  10 rats
129 creatures vanquished.

Vanquished Creatures (others)
  A spectral weapon (D:5)
1 creature vanquished.

Grand Total: 130 creatures vanquished

Notes
Turn   | Place    | Note
-------+----------+-------------------------------------------
     0 | D:1      | EriolAelfwine the Merfolk Skald began the quest for the
                  | Orb.
     0 | D:1      | Reached XP level 1. HP: 16/16 MP: 3/3
    66 | D:1      | Reached XP level 2. HP: 16/22 MP: 0/5
   347 | D:1      | Learned a level 2 spell: Shroud of Golubria
   621 | D:1      | You fall into a shaft and drop 1 floor!
   639 | D:2      | Reached skill level 4 in Charms
   952 | D:2      | Reached XP level 3. HP: 27/27 MP: 6/6
   963 | D:2      | Learned a level 3 spell: Spectral Weapon
  1568 | D:1      | Reached XP level 4. HP: 33/33 MP: 7/7
  2525 | D:2      | Found a shimmering altar of Xom.
  2603 | D:2      | Reached skill level 1 in Hexes
  3006 | D:3      | Reached skill level 1 in Translocations
  3019 | D:3      | Reached XP level 5. HP: 32/38 MP: 5/9
  3037 | D:3      | Reached skill level 5 in Charms
  4522 | D:4      | Reached XP level 6. HP: 44/44 MP: 1/10
  5415 | D:4      | Reached skill level 6 in Charms
  5758 | D:4      | Reached XP level 7. HP: 44/50 MP: 6/12
  5854 | D:4      | Noticed Natasha
  5860 | D:4      | Killed Natasha
  5995 | D:4      | Found a runed translucent door.
  5996 | D:4      | Noticed Crazy Yiuf
  6275 | D:5      | Entered Level 5 of the Dungeon
  6381 | D:5      | Found Nealoacw's Gadget Shop.
  6553 | D:4      | Noticed Natasha
  6559 | D:4      | Killed Natasha
  6621 | D:5      | Found Beryde's Gadget Emporium.
  6633 | D:5      | Found Yhytwuto's Book Shop.
  6950 | D:5      | Reached skill level 1 in Armour
  7131 | D:3      | Reached skill level 1 in Stealth
  7342 | D:5      | Noticed Blork the orc
  7356 | D:5      | Killed Blork the orc
  7356 | D:5      | Reached XP level 8. HP: 15/56 MP: 9/13
  7832 | D:5      | Reached skill level 7 in Charms
  8459 | D:5      | Shot with an arrow by a centaur

Levels and vault maps discovered:
D:1:      lemuel_arrival_broad_hall, layout_basic, st_stairs_10,
          minmay_pentomino_x2
D:2:      layout_basic, nicolae_overflow_hidden_temple, old_standard_altar
D:3:      layout_basic, chequers_mini_garden
D:4:      layout_loops_ring, first_ration, uniq_natasha, uniq_crazy_yiuf_cottage
D:5:      corexii_shantytown, layout_gridville,
          gammafunk_temple_overflow_forgotten, gammafunk_temple_overflow_wave,
          serial_shops, shop, shop, shop_fountains, shop, shop,
          minmay_misc_feat_rows, minmay_manual_mares, uniq_pikel,
          uniq_blork_the_orc

Skill      XL: |  1  2  3  4  5  6  7  8 |
---------------+-------------------------+-----
Charms         | 4 5 6 7 |  7.1
Hexes          | 1 2 3 |  3.4
Translocations | 1 2 |  2.7
Spellcasting   | 3 4 |  4.0
Armour         | 1 |  1.6
Stealth        | 1 |  1.8
Fighting       | |  2.1
Polearms       | |  3.0
Dodging        | |  2.6

Action                   |  1- 3 |  4- 6 |  7- 9 || total
-------------------------+-------+-------+-------++-------
Melee: Spear             |   136 |   190 |       ||   326
       Glaive            |       |    87 |    91 ||   178
 Cast: Infusion          |     5 |     3 |       ||     8
       Shroud of Golubri |     2 |    16 |     9 ||    27
       Spectral Weapon   |       |     9 |     8 ||    17
  Use: Scroll            |       |    10 |     1 ||    11
 Stab: Sleeping          |       |     1 |     1 ||     2
       Distracted        |       |     1 |       ||     1
  Eat: Chunk             |     2 |    16 |     7 ||    25
       Ration            |       |       |     1 ||     1
Armor: Leather armour    |    29 |    23 |       ||    52
       Ring mail         |       |    53 |    28 ||    81
Dodge: Dodged            |    78 |   184 |    64 ||   326
